 Dungeon Crawl Stone Soup version 0.30-a0-1160-g6e42c06551 (webtiles) character file.

Game seed: 5625143944410297400

3087 pokeman the Thaumaturge (level 9, -6/50 HPs)
             Began as a Deep Elf Hedge Wizard on Apr 25, 2023.
             Was a Follower of Vehumet.
             Mangled by a troll (10 damage)
             ... on level 7 of the Dungeon on Apr 26, 2023.
             The game lasted 00:24:13 (8679 turns).

pokeman the Thaumaturge (Deep Elf Hedge Wizard)     Turns: 8679, Time: 00:24:14

Health: -6/50      AC:  5    Str:  7    XL:     9   Next: 59%
Magic:  16/26      EV: 13    Int: 24    God:    Vehumet [*.....]
Gold:   460        SH:  0    Dex: 14    Spells: 21/30 levels left

rFire   . . .        A - +0 halberd (venom)
rCold   . . .        (shield currently unavailable)
rNeg    . . .        b - +0 robe
rPois   +            j - +0 helmet
rElec   .            G - +0 cloak
rCorr   +            F - +0 pair of gloves
SInv    .            (no boots)
Will    .....        (no amulet)
Stlth   ++           g - ring of resist corrosion
HPRegen 0.28/turn    y - ring of poison resistance
MPRegen 0.20/turn

%: no passive effects
@: slowed, very slow
A: no striking features
a: Renounce Religion


You were on level 7 of the Dungeon.
You worshipped Vehumet.
Vehumet was aware of your devotion.
You visited 2 branches of the dungeon, and saw 8 of its levels.
You also visited: Sewer.

You collected 502 gold pieces.
You spent 42 gold pieces at shops.

Inventory:

Hand Weapons
 A - a +0 halberd of venom (weapon)
Missiles
 E - a throwing net
Armour
 b - a +0 robe (worn)
 j - a +0 helmet (worn)
 u - the +1 ring mail "Plog" {+Inv rF+ rC++ Dex-3}
   (You found it on level 3 of the Dungeon)

   Dex:       It affects your dexterity (-3).
   rF:        It protects you from fire.
   rC:        It greatly protects you from cold.
   +Inv:      It lets you turn invisible.
 F - a +0 pair of gloves (worn)
 G - a +0 cloak (worn)
Jewellery
 g - a ring of resist corrosion (left hand)
 x - a ring of ice
 y - a ring of poison resistance (right hand)
Wands
 o - a wand of quicksilver (2)
 H - a wand of polymorph (7)
Scrolls
 a - 2 scrolls of blinking {unknown}
 c - a scroll of silence {unknown}
 i - 8 scrolls of identify {unknown}
 n - a scroll of fog {unknown}
 r - 2 scrolls of teleportation {unknown}
 s - 2 scrolls of vulnerability {unknown}
 t - a scroll of immolation {unknown}
 z - a scroll of brand weapon {unknown}
 B - 2 scrolls of enchant armour {unknown}
 C - a scroll of magic mapping {unknown}
Potions
 d - 3 potions of magic
 e - a potion of might {unknown}
 f - 5 potions of mutation {unknown}
 h - 5 potions of haste {unknown}
 k - a potion of degeneration {unknown}
 l - 2 potions of attraction {unknown}
 m - 5 potions of curing
 p - a potion of invisibility {unknown}
 q - 3 potions of brilliance
 v - 2 potions of cancellation {unknown}
 w - a potion of resistance {unknown}
 D - 3 potions of heal wounds {unknown}


   Skills:
 - Level 3.0 Fighting
 + Level 2.3 Armour
 - Level 3.0 Dodging
 - Level 3.0 Stealth
 * Level 11.3 Spellcasting
 + Level 7.7 Conjurations
 - Level 4.0 Summonings
 - Level 1.1 Translocations
 + Level 2.5 Fire Magic
 - Level 2.0 Air Magic
 - Level 2.2 Poison Magic
 - Level 2.2 Evocations


You had 21 spell levels left.
You knew the following spells:

 Your Spells              Type           Power      Damage    Failure   Level
a - Magic Dart            Conj           100%       1d8       1%          1
b - Mephitic Cloud        Conj/Pois/Air  32%        N/A       2%          3
c - Call Imp              Summ           66%        N/A       1%          2
d - Blink                 Tloc           36%        N/A       4%          2
e - Foxfire               Conj/Fire      100%       2x1d9     1%          1

Your spell library contained the following spells:

 Spells                   Type           Power      Damage    Failure   Level
 Cigotuvi's Dreadful Rot  Necr/Pois/Air  40%        N/A       3%          2
 Slow                     Hex            52%        N/A       4%          1


Dungeon Overview and Level Annotations

Branches:
Dungeon (7/15)             Temple (1/1) D:5           Sewer (visited)

Altars:
Ashenzari
Cheibriados
Dithmenos
Elyvilon
Fedhas
Kikubaaqudgha
Okawaru
Qazlal
Ru
Sif Muna
Trog
Vehumet
Wu Jian
Zin
The Shining One

Shops:
D:2 (   D:7 !

Annotations:
D:4 Scrolls behind grate


Message History

You conjure some foxfire!
The foxfire hits the wraith.
The wraith is heavily damaged.
The foxfire hits the wraith!
The wraith is severely damaged.
The wraith hits you. The wraith drains your vigour!
You feel yourself slow down.
Casting: Foxfire (safe; 1% risk of failure)
Confirm with . or Enter, or press ? or * to list all spells.
You conjure some foxfire!
The foxfire hits the wraith but does no damage.
The wraith is severely damaged.
The wraith closely misses you.
The foxfire hits the troll.
The troll is lightly wounded.
The wraith hits you!
Casting: Foxfire (safe; 1% risk of failure)
Confirm with . or Enter, or press ? or * to list all spells.
You blink.
The foxfire hits the wraith.
The wraith is severely damaged.
Unknown command.
The troll bites you! The troll barely misses you. The troll claws you!
* * * LOW HITPOINT WARNING * * *
The troll attacks as you move away! The troll closely misses you.
The troll barely misses you. The troll claws you.
* * * LOW HITPOINT WARNING * * *
Casting: Blink (safe; 4% risk of failure)
Confirm with . or Enter, or press ? or * to list all spells.
Aiming: Mephitic Cloud (dangerous; 2% risk of failure)
Press: ? - help, Shift-Dir - straight line, f - troll
Aim: a troll (chance to affect: 67%)
The ball explodes into a vile cloud!
The stinking cloud engulfs the troll but does no damage.
The stinking cloud engulfs the wraith but does no damage.
The wraith is severely damaged.
The stinking cloud engulfs you but does no damage.
You feel stable enough to blink again.
The troll is engulfed in noxious fumes.
The troll appears confused.
The troll bites you!
* * * LOW HITPOINT WARNING * * *
The troll claws you!
You die...

...<.# #.##.# #.###.#.#
...########.##.#
#.....#.########
#...........##.#
##....<.........
...............#
#.#########.##.
#########.#.#..## #.#
#.##.
.........##.#...###.#
#.##.
..#.#.#..##.##○☼§##.#####
#.##.
#..#.#..##...#§TW.......#
#.##. #...#...#
.#.##.@##.###.# #.#..
##.#.#.##.. ..#.........#
#.#.# .#..#..# T#
##........#####.#.#
.##...##
#..#.##..........#
..#...#
##.#.............#
#.##.## #..#.#..######..#
#..#.# ##.#.#..# #..#
#..#.# #...#..# #..#
#..##. #..##..### #..#


You could see a troll (confused) and a wraith.

Vanquished Creatures
  Pikel (D:4)
  Sigmund (D:2)
  2 orc warriors (D:7)
  Duvessa (D:7)
  2 ice beasts (D:7)
  Pargi (Sewer)
  2 black bears
  2 centaurs
  An ogre (D:4)
  3 lemures (D:4)
  A kobold brigand (D:5)
  2 bullfrogs (D:7)
  4 scorpions
  Dowan (D:7)
  2 hounds (D:6)
  A jelly (D:6)
  3 gnoll boudas
  3 orc priests
  A sleepcap (D:7)
  5 iguanas
  3 orc wizards
  18 gnolls
  8 adders
  A shadow imp (D:6)
  2 worms
  3 dart slugs
  19 orcs
  10 ball pythons
  5 bats
  13 endoplasms
  3 giant cockroaches
  32 goblins
  37 hobgoblins
  6 jackals (D:4)
  10 kobolds
  4 quokkas
  6 frilled lizards
  3 rats
222 creatures vanquished.

Vanquished Creatures (collateral kills)
  A worm (D:2)
  2 foxfires (D:7)
3 creatures vanquished.

Vanquished Creatures (others)
  65 foxfires (D:7)
  12 plants (D:1)
77 creatures vanquished.

Grand Total: 302 creatures vanquished

Notes
Turn   | Place    | Note
-------+----------+-------------------------------------------
     0 | D:1      | pokeman the Deep Elf Hedge Wizard began the quest for the
                  | Orb.
     0 | D:1      | Reached XP level 1. HP: 10/10 MP: 7/7
   285 | D:1      | Reached XP level 2. HP: 15/15 MP: 5/9
   788 | D:1      | Reached skill level 5 in Spellcasting
   977 | D:1      | Reached XP level 3. HP: 20/20 MP: 9/11
   981 | D:1      | Learned a level 3 spell: Mephitic Cloud
   984 | D:1      | Learned a level 2 spell: Call Imp
   987 | D:1      | Learned a level 2 spell: Blink
  1487 | D:2      | Found Luykowyhe's Weapon Emporium.
  1501 | D:2      | Reached skill level 1 in Armour
  1544 | D:2      | Noticed Sigmund
  1580 | D:2      | Killed Sigmund
  1581 | D:2      | Reached skill level 5 in Conjurations
  1581 | D:2      | Reached XP level 4. HP: 24/24 MP: 3/13
  1581 | D:2      | Reached XP level 5. HP: 28/28 MP: 3/14
  1714 | D:2      | Reached skill level 1 in Fighting
  2248 | D:3      | Found a stormy altar of Qazlal.
  2509 | D:3      | Identified the +1 ring mail "Plog" {+Inv rF+ rC++ Dex-3}
  2591 | D:3      | Found a faded altar of an unknown god.
  2600 | D:3      | Reached XP level 6. HP: 34/34 MP: 9/16
  3446 | D:3      | Reached skill level 6 in Spellcasting
  4117 | D:4      | Noticed Pikel
  4269 | D:4      | Found a glowing silver altar of Zin.
  4372 | D:4      | Killed Pikel
  4373 | D:4      | Reached skill level 7 in Spellcasting
  4373 | D:4      | Reached XP level 7. HP: 32/38 MP: 3/20
  4946 | D:4      | Reached XP level 8. HP: 43/43 MP: 16/21
  4954 | D:4      | Reached skill level 8 in Spellcasting
  5247 | D:5      | Entered Level 5 of the Dungeon
  6063 | D:5      | Found a staircase to the Ecumenical Temple.
  6074 | Temple   | Entered the Ecumenical Temple
  6148 | Temple   | Became a worshipper of Vehumet
  6536 | D:5      | Reached skill level 9 in Spellcasting
  6796 | D:6      | Found a white marble altar of Elyvilon.
  6809 | D:6      | Found a glowing drain.
  6821 | Sewer    | Entered a sewer
  6858 | Sewer    | Noticed Pargi
  6883 | Sewer    | Killed Pargi
  7135 | D:6      | Found a shadowy altar of Dithmenos.
  7135 | D:6      | Found a bloodstained altar of Trog.
  7374 | D:6      | Found a sacrificial altar of Ru.
  7380 | D:6      | Reached * piety under Vehumet
  7380 | D:6      | Offered knowledge of Foxfire by Vehumet.
  7445 | D:6      | Reached XP level 9. HP: 44/48 MP: 15/24
  7447 | D:6      | Learned a level 1 spell: Foxfire
  7592 | D:6      | Reached skill level 10 in Spellcasting
  8014 | D:7      | Reached skill level 1 in Fire Magic
  8249 | D:7      | Found an ornate altar of the Wu Jian Council.
  8349 | D:7      | Found Mivyjih's Distillery.
  8360 | D:7      | Reached skill level 11 in Spellcasting
  8397 | D:7      | Bought a potion of curing for 42 gold pieces
  8519 | D:7      | Noticed Duvessa
  8519 | D:7      | Noticed Dowan
  8529 | D:7      | Killed Dowan
  8532 | D:7      | Killed Duvessa
  8666 | D:7      | Noticed a troll
  8679 | D:7      | Mangled by a troll

Illustrated notes

Levels and vault maps discovered:
D:1:      roderic_crop_circles_arrival_large, layout_loops_cross,
          chequers_serial_rivers_room_b, serial_bayou_pond_d
D:2:      layout_rooms, serial_shops, nicolae_shop_bloodbath_and_beyond,
          minmay_misc_feat_rows, minmay_fountain_box, uniq_sigmund
D:3:      minmay_goblin_kobold_castle, layout_basic, grunt_qazlal_clouds,
          hellmonk_ecumenical_altar_pennies_from_heaven
D:4:      layout_loops_cross, zin_scriptorium, nicolae_elevator_lobby_asterisk,
          uniq_pikel
D:5:      layout_loops_corners, minmay_temple_entry_glassed_door
D:6:      layout_loops_ring, grunt_temple_overflow_open,
          nicolae_overflow_crystal_walls, mainiacjoe_overflow_24_doors,
          cheibrodos_sewer_entry_drain
D:7:      minmay_the_grid_triangle_9x9_rhombus_thin
          [minmay_the_grid_triangle_9x9_cache,
          minmay_the_grid_triangle_9x9_prize_center,
          minmay_the_grid_triangle_9x9_limited_checkers,
          minmay_the_grid_triangle_9x9_steps], layout_loops_ring,
          mainiacjoe_overflow_chevrons, serial_shops, shop_fountains,
          uniq_duvessa
Temple:   hc_temple_tempest_star

Skill      XL: |  1  2  3  4  5  6  7  8  9 |
---------------+----------------------------+-----
Spellcasting   | 5 7 9 11 | 11.3
Armour         | 1 2 |  2.3
Conjurations   | 5 6 7 |  7.7
Fighting       | 1 2 3 |  3.0
Stealth        | 3 |  3.0
Dodging        | 3 |  3.0
Air Magic      | 2 |  2.0
Poison Magic   | 2 |  2.2
Evocations     | 2 |  2.2
Summonings     | 3 4 |  4.0
Fire Magic     | 2 |  2.5
Translocations | |  1.1

Action                     |  1- 3 |  4- 6 |  7- 9 || total
---------------------------+-------+-------+-------++-------
  Melee: Dagger            |    50 |    43 |       ||    93
         Punch             |       |     1 |     1 ||     2
         Whip              |       |       |    15 ||    15
         Falchion          |       |       |    49 ||    49
         Halberd           |       |       |    92 ||    92
   Cast: Magic Dart        |    69 |   175 |   125 ||   369
         Mephitic Cloud    |     2 |     9 |    37 ||    48
         Call Imp          |     2 |     3 |     2 ||     7
         Blink             |       |       |     3 ||     3
         Foxfire           |       |       |    39 ||    39
   Stab: Sleeping          |     3 |       |       ||     3
         Confused          |     3 |     7 |    14 ||    24
 Armour: Robe              |     7 |     3 |    28 ||    38
  Dodge: Dodged            |    23 |    26 |    97 ||   146

Table legend: (Time is in decaauts)
 A = Elapsed time spent in this place.
 B = Non-inter-level travel time spent in this place.
 C = Inter-level travel time spent in this place.
 D = Time resting spent in this place.
 E = Time spent auto-exploring this place.
 F = Levels seen in this place.
 G = Mean time per level.
                   A        B        C        D        E       F      G
               +--------+--------+--------+--------+--------+-----+--------+
         Total |   8774 |   8569 |    205 |    170 |   6960 |   9 |  974.9 |
       Dungeon |   8308 |   8127 |    181 |    168 |   6594 |   7 | 1186.9 |
        Temple |    121 |     98 |     23 |      0 |     89 |   1 |  121.0 |
         Sewer |    345 |    345 |      0 |      2 |    277 |   1 |  345.0 |
               +--------+--------+--------+--------+--------+-----+--------+

Top non-repeatable levels by time:
     D:3: 1950 daAuts
     D:5: 1411 daAuts
     D:4: 1254 daAuts
     D:1: 1221 daAuts
     D:7: 849 daAuts
     D:6: 812 daAuts
     D:2: 807 daAuts
   Sewer: 345 daAuts
  Temple: 121 daAuts
